 Dungeon Crawl Stone Soup version 0.28.0-1-gb440e238dd (webtiles) character file.

Game seed: 9152258060983252762

509 zeram the Cudgeller (level 7, -5/44 HPs)
             Began as a Gargoyle Fighter on Feb 25, 2022.
             Was an Initiate of Yredelemnul.
             Slain by a two-headed ogre (8 damage)
             ... on level 5 of the Dungeon.
             The game lasted 00:09:22 (4946 turns).

zeram the Cudgeller (Gargoyle Fighter)              Turns: 4946, Time: 00:09:23

Health: -5/44      AC: 20    Str: 22    XL:     7   Next: 19%
Magic:  7/7        EV:  6    Int:  8    God:    Yredelemnul [......]
Gold:   45         SH:  5    Dex:  9    Spells: 6/6 levels left

rFire   . . .      SeeInvis .   a - +0 flail
rCold   . . .      Faith    .   c - +1 buckler
rNeg    + . .      Spirit   .   l - +0 plate armour
rPois   ∞          Reflect  .   (no helmet)
rElec   +          Harm     .   (no cloak)
rCorr   .          Rampage  .   (no gloves)
Will    .....                   (no boots)
Stlth   ..........              (no amulet)
HPRegen 0.14/turn               j - +4 ring of protection
MPRegen 0.10/turn               (no ring)

@: mighty
A: sickness immunity, AC +4, negative energy resistance 1, electricity
resistance, torment resistance 1, petrification resistance
a: Renounce Religion, Recall Undead Harvest


You were on level 5 of the Dungeon.
You worshipped Yredelemnul.
Yredelemnul was noncommittal.
You visited 1 branch of the dungeon, and saw 5 of its levels.

You collected 215 gold pieces.
You spent 170 gold pieces at shops.

Inventory:

Hand Weapons
 a - a +0 flail (weapon)
Armour
 b - a +0 scale mail
 c - a +1 buckler (worn)
 l - a +0 plate armour (worn)
Jewellery
 i - a ring of wizardry
 j - a +4 ring of protection (left hand)
 k - a ring of magical power
Wands
 g - a wand of mindburst (15)
 o - a wand of iceblast (9)
Scrolls
 e - 3 scrolls of summoning
 h - a scroll of teleportation
 m - a scroll of vulnerability
 p - 2 scrolls of holy word
 q - 3 scrolls of blinking
Potions
 d - a potion of might
 f - a potion of mutation
 n - a potion of curing


   Skills:
 + Level 4.5 Fighting
 + Level 4.9 Maces & Flails
 + Level 4.7 Armour
 + Level 1.7 Dodging
 + Level 4.5 Shields


You had 6 spell levels left.
You didn't know any spells.
Your spell library contained the following spells:

 Spells                   Type           Power      Damage    Failure   Level
 Magic Dart               Conj           0%         1d3       100%        1
 Call Imp                 Summ           0%         N/A       100%        2
 Inner Flame              Hex/Fire       0%         N/A       100%        3
 Mephitic Cloud           Conj/Pois/Air  0%         N/A       100%        3
 Tukima's Dance           Hex            0%         N/A       100%        3
 Anguish                  Hex/Necr       0%         N/A       100%        4
 Cause Fear               Hex            0%         N/A       100%        4
 Enfeeble                 Hex            0%         N/A       100%        7
 Discord                  Hex            0%         N/A       100%        8


Dungeon Overview and Level Annotations

Branches:
Dungeon (5/15)             Temple (0/1) D:5

Altars:
Nemelex Xobeh
Trog
Xom
Yredelemnul

Shops:
D:1 =   D:4 !!!

Annotations:
D:2 Sigmund
D:5 2 runed translucent doors


Innate Abilities, Weirdness & Mutations

You are immune to sickness and miasma.
Your stone body is resilient. (AC +4)
You are immune to poison.
You resist negative energy. (rN+)
You are resistant to electric shocks. (rElec)
You are resistant to unholy torment.
You are immune to petrification.


Message History

Your orc wizard zombie hits the two-headed ogre.
Your orc wizard zombie hits the two-headed ogre but does no damage.
Your orc zombie barely misses the two-headed ogre.
Your orc wizard zombie closely misses the two-headed ogre.
Your orc zombie barely misses the two-headed ogre.
There is an escape hatch in the ceiling here.
You feel much better.
The two-headed ogre hits you with a +0 giant club!!
The two-headed ogre hits you with a +0 giant club!
* * * LOW HITPOINT WARNING * * *
You feel much better.
You feel very mighty all of a sudden.
The two-headed ogre hits you with a +0 giant club.
The two-headed ogre completely misses you.
Your orc zombie hits the two-headed ogre but does no damage.
You sock the two-headed ogre!
The two-headed ogre is moderately wounded.
You block the two-headed ogre's attack.
The two-headed ogre hits you but does no damage.
Your orc wizard zombie closely misses the two-headed ogre.
Your orc zombie barely misses the two-headed ogre.
You thump the two-headed ogre!
The two-headed ogre is moderately wounded.
Your orc wizard zombie hits the two-headed ogre but does no damage.
The two-headed ogre hits you with a +0 giant club!
The two-headed ogre closely misses you.
Your orc zombie closely misses the two-headed ogre.
You hit the two-headed ogre.
The two-headed ogre is heavily wounded.
Your orc zombie hits the two-headed ogre.
The two-headed ogre hits you with a +0 giant club!
* * * LOW HITPOINT WARNING * * *
The two-headed ogre hits you but does no damage.
Your orc wizard zombie hits the two-headed ogre but does no damage.
You barely miss the two-headed ogre.
The two-headed ogre is heavily wounded.
Your orc wizard zombie closely misses the two-headed ogre.
The two-headed ogre hits you with a +0 giant club!
You die...
Your body rises from the dead as a mindless zombie.

...####.####........
.............######..
..##..##.#.......##..
.. #..#..+...........
... #O.#.......####
.... #..+........(..
.... #.##...ZZ..###.
.... #.##....O..#
#Z##....@..#
#Z##.......+
....#[##.......#
....#.###.######
...#.....# #..#..####
#..#..# #..#..#
###..#..#


You could see a two-headed ogre (ally target), a friendly orc zombie and a
friendly orc wizard zombie.

Vanquished Creatures
  A black bear (D:1)
  A bullfrog (D:4)
  An iguana (D:4)
  4 orc wizards
  3 adders
  3 adder zombies (D:3)
  A worm (D:2)
  2 dart slugs (D:4)
  14 orcs
  5 ball pythons
  9 endoplasms
  2 giant cockroaches
  6 goblins
  12 hobgoblins
  4 jackals (D:5)
  8 kobolds
  4 quokkas
  A ball python zombie (D:3)
  9 bats
  4 frilled lizards
  A jackal zombie (D:5)
  7 rats
102 creatures vanquished.

Vanquished Creatures (collateral kills)
  A bullfrog zombie (D:4)
  An orc priest (D:4)
  A hound (D:4)
  A hound skeleton (D:4)
  An orc (D:4)
  A hobgoblin (D:4)
  An orc zombie (D:4)
  A rat (D:3)
8 creatures vanquished.

Vanquished Creatures (others)
  A bat zombie (D:3)
  A jackal zombie (D:5)
  2 orc zombies
  A quokka zombie (D:4)
5 creatures vanquished.

Grand Total: 115 creatures vanquished

Notes
Turn   | Place    | Note
-------+----------+-------------------------------------------
     0 | D:1      | zeram the Gargoyle Fighter began the quest for the Orb.
     0 | D:1      | Reached XP level 1. HP: 14/14 MP: 1/1
   126 | D:1      | Found Issatz's Jewellery Shop.
   408 | D:1      | Reached XP level 2. HP: 17/19 MP: 2/2
   811 | D:1      | Reached XP level 3. HP: 23/23 MP: 3/3
  1054 | D:2      | Noticed a black bear
  1076 | D:1      | Killed a black bear
  1077 | D:1      | Reached skill level 1 in Dodging
  1077 | D:1      | Reached XP level 4. HP: 20/29 MP: 4/4
  1077 | D:1      | Reached XP level 5. HP: 23/33 MP: 5/5
  1808 | D:2      | Found a shimmering altar of Xom.
  2348 | D:2      | Noticed Sigmund
  3018 | D:3      | Found a basalt altar of Yredelemnul.
  3023 | D:3      | Became a worshipper of Yredelemnul the Dark
  3118 | D:3      | Reached XP level 6. HP: 26/38 MP: 6/6
  3302 | D:3      | Reached * piety under Yredelemnul
  4042 | D:4      | Reached XP level 7. HP: 40/44 MP: 7/7
  4118 | D:4      | Found Wiatush's Distillery.
  4249 | D:4      | Found Qukogaleeff's Distillery.
  4255 | D:4      | Bought a potion of heal wounds for 65 gold pieces
  4255 | D:4      | Bought a potion of heal wounds for 65 gold pieces
  4300 | D:4      | Found a bloodstained altar of Trog.
  4529 | D:4      | Found Luonuqix's Distillery.
  4532 | D:4      | Bought a potion of might for 40 gold pieces
  4613 | D:4      | Identified the +5 ring mail of Qyegh {rElec rN+ rCorr
                  | Int-5}
  4631 | D:5      | Entered Level 5 of the Dungeon
  4706 | D:5      | Found a large runed translucent door.
  4706 | D:5      | Found a large runed translucent door.
  4713 | D:5      | Noticed a yak
  4836 | D:5      | Found a staircase to the Ecumenical Temple.
  4843 | D:5      | Found a sparkling altar of Nemelex Xobeh.
  4900 | D:5      | Noticed a two-headed ogre
  4946 | D:5      | Slain by a two-headed ogre

Illustrated notes

Levels and vault maps discovered:
D:1:      dpeg_arrival_houses_and_road, layout_basic, serial_shops,
          nicolae_shop_crystal, chequers_serial_rivers_marsh,
          minmay_misc_feat_secret_circle
D:2:      layout_basic, basic_altar, minmay_tetromino_s2, uniq_sigmund
D:3:      layout_rooms, nicolae_yredelemnul_corpse_copse
D:4:      layout_basic, kennysheep_little_box, serial_shops, nicolae_shop_stone,
          shop, kennysheep_mini, minmay_distorted
D:5:      layout_basic, ashenzari_altar_1, old_standard_altar,
          nicolae_elyvilon_temple_path, minmay_temple_entry_trees,
          minmay_hollow_rounded_squares

Skill      XL: |  1  2  3  4  5  6 |
---------------+-------------------+-----
Maces & Flails | 3 4 |  4.9
Dodging        | 1 |  1.7
Armour         | 4 |  4.7
Fighting       | 4 |  4.5
Shields        | 4 |  4.5

Action                   |  1- 3 |  4- 6 |  7- 9 || total
-------------------------+-------+-------+-------++-------
Melee: Flail             |    89 |   276 |    59 ||   424
  Use: Scroll            |     5 |     3 |     3 ||    11
       Potion            |       |     3 |     3 ||     6
Armor: Scale mail        |    77 |   268 |    11 ||   356
       Plate armour      |       |       |    16 ||    16
Dodge: Dodged            |    52 |   182 |    19 ||   253
Block: Buckler           |    20 |   107 |     9 ||   136
